AoeStats
← nathanyeung

Arena

504764281Analyzed
1v1 RM · 25d ago on Sep 6, 2026· 42m 18s· 2 players
Game mode
Random Map
Map size
Tiny (2 player)
Population
200
Speed
Normal
Resources
Standard
Victory
Conquest
Starting age
Dark Age
Ending age
Imperial Age
RankedLock teamsTeams togetherTeam positionsShared explorationLock speedFull tech treeHidden civsTurbo modeCheats
Victory
Defeat
🇨🇿 Wei · Czechia
707
+17
🇭🇰 Saracens · Hong Kong SAR China
735
-17
strevoslav
10:50 Feudal Age
10:12 Loom
12:29 Wheelbarrow
11:42 Double-Bit Axe
11:39 Horse Collar
15:03 Fletching
19:50 Castle Age
22:14 Hand Cart
22:47 Gold Mining
22:56 Bodkin Arrow
24:19 Padded Archer Armor
25:20 Thumb Ring
30:41 Bloodlines
30:32 Husbandry
32:06 Tuntian
32:35 Scale Barding Armor
32:41 Forging
35:53 Imperial Age
34:23 Chain Barding Armor
36:22 Bow Saw
36:16 Heavy Plow
37:01 Ming Guang Armor
36:08 Heavy Hei Guang Cavalry
37:26 Iron Casting
nathanyeung
0:35 Loom
14:03 Feudal Age
15:18 Double-Bit Axe
15:18 Horse Collar
19:31 Castle Age
18:20 Gold Mining
21:21 Bow Saw
21:51 Gold Shaft Mining
23:05 Wheelbarrow
24:45 Heavy Plow
26:44 Hand Cart
26:18 Town Watch
28:32 Town Patrol
28:28 Stone Mining
31:58 Fletching
32:21 Forging
32:13 Scale Mail Armor
32:15 Padded Archer Armor
35:20 Imperial Age
33:43 Iron Casting
33:25 Chain Mail Armor
33:28 Leather Archer Armor
33:11 Bodkin Arrow
33:22 Scale Barding Armor
34:00 Man-at-Arms
34:28 Gambesons
35:50 Chain Barding Armor
36:26 Bracer
37:29 Blast Furnace
37:07 Plate Barding Armor
37:05 Plate Mail Armor
36:34 Long Swordsman
37:16 Squires
37:04 Arson
38:25 Conscription
37:56 Two-Handed Swordsman
Connection lost

Rejoining the realm…

Still unreachable

The connection could not be restored.

Session expired

The server has moved on; the page needs a fresh start.